 Dungeon Crawl Stone Soup version 0.22-a0-402-ga933591 (webtiles) character file.

5530 Mgcat the Grappler (level 10, -1/98 HPs)
             Began as a Troll Transmuter on May 6, 2018.
             Was a High Priest of Okawaru.
             Splashed by Erica's acid (6 damage)
             ... on level 9 of the Dungeon.
             The game lasted 00:22:53 (6726 turns).

Mgcat the Grappler (Troll Transmuter)               Turns: 6726, Time: 00:22:54

Health: -1/98      AC:  4    Str: 20    XL:     10   Next: 43%
Magic:  13/16      EV: 13    Int: 12    God:    Okawaru [*****.]
Gold:   401        SH:  0    Dex: 13    Spells: 7/18 levels left

rFire    . . .     SeeInvis +     - Unarmed
rCold    . . .     Gourm    +   (no shield)
rNeg     . . .     Faith    .   b - +0 robe
rPois    .         Spirit   .   (helmet restricted)
rElec    .         Reflect  .   l - +2 cloak
rCorr    .         Harm     .   (gloves unavailable)
MR       .....                  (boots unavailable)
Stlth    +++.......             y - amulet of rage {+Rage, !d}
HPRegen  0.66/turn              r - +3 ring of dexterity
MPRegen  0.15/turn              t - ring of see invisible {sInv, !d}

@: appendage (expiring), heroism, corroded, slowed, very slow
A: large, unfitting armour, claws 3, horns 2, fast metabolism 3, gourmand,
regeneration 1, shaggy fur 1, tough skin 2
a: End Transformation, Heroism, Finesse, Renounce Religion, Evoke Berserk Rage


You were on level 9 of the Dungeon.
You worshipped Okawaru.
Okawaru was extremely pleased with you.
You were near starving.
You had grown temporary horns.
You visited 1 branch of the dungeon, and saw 9 of its levels.

You collected 416 gold pieces.
You spent 15 gold pieces at shops.

Inventory:

Missiles
 u - 113 arrows
 x - 3 poisoned javelins (quivered)
 C - 12 curare-tipped needles
Armour
 b - a +0 robe (worn)
 l - a +2 cloak (worn)
   (You found it on level 1 of the Dungeon)
Magical Staves
 a - an uncursed staff of poison {rPois}
   (You took it off an orc priest on level 4 of the Dungeon)
Jewellery
 r - a +3 ring of dexterity (left claw)
   (You found it on level 9 of the Dungeon)
 t - a ring of see invisible (right claw) {sInv, !d}
   (You found it on level 4 of the Dungeon)
 y - an amulet of rage (around neck) {+Rage, !d}
   (You found it on level 6 of the Dungeon)
 D - an uncursed ring of magical power {MP+9}
   (You found it on level 8 of the Dungeon)
Wands
 z - a wand of paralysis (9)
   (You took it off Ijyb on level 5 of the Dungeon)
Scrolls
 c - 2 scrolls of magic mapping {!r}
 e - a scroll of immolation {!r}
 g - a scroll of enchant armour
 j - 4 scrolls of amnesia
 o - 4 scrolls of remove curse
 p - 4 scrolls of blinking {!r}
 s - 3 scrolls of identify
 B - a scroll of vulnerability {unknown}
 F - a scroll of fog {unknown}
Potions
 f - a potion of haste
 h - 2 potions of agility
 i - a potion of ambrosia
 m - a potion of flight
 n - a potion of degeneration {!q}
 q - 2 potions of invisibility
 v - 3 potions of brilliance
 w - a potion of might
 A - 2 potions of lignification {!q}
 E - a potion of magic
Comestibles
 d - 17 rations


   Skills:
 + Level 6.1(11.1) Fighting
 - Level 1.5(6.5) Dodging
 + Level 8.0(13.0) Unarmed Combat
 + Level 4.8 Spellcasting
 + Level 5.8 Transmutations
 + Level 3.7 Invocations
 - Level 2.2 Evocations


You had 7 spell levels left.
You knew the following spells:

 Your Spells              Type           Power        Failure   Level  Hunger
a - Beastly Appendage     Tmut           ###...       1%          1    None
b - Sticks to Snakes      Tmut           ###.....     2%          2    ##.....
c - Spider Form           Tmut/Pois      #.........   19%         3    ###....
d - Blade Hands           Tmut           ###.......   45%         5    ######.


Dungeon Overview and Level Annotations

Branches:
Dungeon (9/15)             Temple (0/1) D:4             Orc (0/2) D:9
   Lair: D:8-11

Altars:
Ashenzari
Cheibriados
Elyvilon
Kikubaaqudgha
Nemelex Xobeh
Okawaru
Qazlal
Ru
Sif Muna
Trog
Uskayaw
Vehumet
Wu Jian
Xom
Yredelemnul
Zin

Shops:
D:5 (   D:9 !

Annotations:
D:9 Erica


Innate Abilities, Weirdness & Mutations

You are too large for most types of armour.
You have claws for hands.
Your metabolism is lightning-fast.
You like to eat raw meat.
Your natural rate of healing is unusually fast.
You are covered in fur. (AC +1)
You have very tough skin. (AC +2)
You have a pair of horns on your head.


Message History

The lava snake is lightly wounded.
The lava snake spits lava at you. The glob of lava hits you!
You closely miss the lava snake.
The lava snake is lightly wounded.
You barely miss the lava snake.
The lava snake is lightly wounded.
The lava snake closely misses you.
You claw the lava snake!
You kill the lava snake!
Okawaru accepts your kill.
Your Unarmed Combat skill increases to level 8!
C - 12 curare-tipped needles (gained 5)
B - a scroll labeled DOASKE KICZARR
F - a scroll labeled VETHRE XUUCIKHLA You now have enough gold to buy a blackened triple sword on D:5.
You can access your shopping list by pressing '$'.
You now have 401 gold pieces (gained 16).
d - 17 rations (gained 1)
You open the large door.
An ogre comes into view. It is wielding a giant club.
The ogre shouts!
You hear a shout!
Erica the Fiery-Tempered comes into view.
She is wielding a scimitar of flaming.
You close the large door.
Casting: Beastly Appendage (safe; 1% risk of failure)
Confirm with . or Enter, or press ? or * to list all spells.
You grow a pair of large bovine horns.
An ogre opens the large door.
Erica casts a spell.
Erica flickers and vanishes for a moment.
Casting: Beastly Appendage (safe; 1% risk of failure)
Confirm with . or Enter, or press ? or * to list all spells.
You create a snake!
You now have 113 arrows.
A bullfrog comes into view.
The ogre barely misses you.
You scratch the ogre.
The ogre is lightly wounded.
The ogre barely misses you.
Erica says, "I'm so much better than you."
Erica barely misses you.
You scratch the ogre. You headbutt the ogre.
The ogre is moderately wounded.
You gain the combat prowess of a mighty hero.
You are near starving!
Erica hits you but does no damage. The ogre hits you with a giant club!!
Your ball python bites the ogre.
You barely miss the ogre. You headbutt the ogre.
The ogre is heavily wounded.
Erica hits you with a scimitar of flaming.
Erica burns you.
Your ball python closely misses the ogre.
The ogre hits you with a giant club!
You barely miss the ogre.
The ogre is heavily wounded.
Your ball python bites the ogre.
Erica misses you.
You mangle the ogre!!
You kill the ogre!
Okawaru accepts your kill. The bullfrog completely misses you.
You claw the bullfrog! Your headbutt misses the bullfrog.
The bullfrog is heavily wounded.
Your ball python misses the bullfrog.
Your ball python grabs the bullfrog.
Your ball python constricts the bullfrog.
Erica zaps a wand.
The bolt of acid hits you! The acid corrodes you!
You are splashed with acid!
The acid burns!
It is a wand of acid (4).
The bullfrog hits you!
* * * LOW HITPOINT WARNING * * *
You scratch the bullfrog but do no damage.
You headbutt the bullfrog!
The bullfrog is almost dead.
Your ball python bites the bullfrog.
The bullfrog dies!
Okawaru accepts your kill.
Your ball python looks stronger.
Erica gestures at you while chanting.
You feel yourself slow down.
You scratch Erica but do no damage. You headbutt Erica.
Erica is lightly wounded.
Erica points at you and mumbles some strange words.
You resist with significant effort.
You scratch Erica but do no damage. You claw Erica.
Erica is lightly wounded.
Erica barely misses you.
You feel better.
Erica hits you with a scimitar of flaming!
* * * LOW HITPOINT WARNING * * *
Erica burns you.
* * * LOW HITPOINT WARNING * * *
You claw Erica!
Erica is lightly wounded.
Erica hits you with a scimitar of flaming!
* * * LOW HITPOINT WARNING * * *
Erica burns you.
* * * LOW HITPOINT WARNING * * *
You feel better.
Your transformation is almost over.
Erica zaps a wand.
The bolt of acid hits you!
* * * LOW HITPOINT WARNING * * *
You are splashed with acid!
The acid burns!
You die...

#. ##. ... ..
#.### #...
######@)########
≈§§§≈≈S@≈§§≈≈≈≈#
(§§§..........§#
.8§§8....8≈≈8.≈#
.§≈≈§....§≈≈≈.≈#
.≈≈≈§....≈≈§≈.§#
.8≈≈8....8§≈8§≈#
.............§≈#
.............§§#
.......)....§§≈#


You could see Erica (invisible) and a friendly ball python.

Vanquished Creatures
  An unseen horror (D:8)
  Pikel (D:5)
  A cyclops (D:9)
  A hungry ghost (D:9)
  5 sky beasts
  A hornet zombie (D:7)
  3 ice beasts
  2 slaves (D:5)
  2 phantoms
  3 ogres
  A necrophage (D:6)
  A centaur (D:6)
  A crocodile (D:7)
  7 bullfrogs
  3 scorpions
  6 killer bees
  A howler monkey (D:4)
  A lava snake (D:9)
  A crimson imp (D:9)
  A bullfrog zombie (D:7)
  2 bullfrog skeletons
  A centaur skeleton (D:6)
  6 orc priests
  An iron imp (D:5)
  2 jellies
  Ijyb (D:5)
  An iguana (D:8)
  5 orc wizards
  6 worker ants
  A hound skeleton (D:7)
  A worker ant zombie (D:9)
  6 adders
  3 gnolls (D:8)
  2 shadow imps (D:8)
  2 oozes (D:1)
  2 adder skeletons
  7 worms
  A dart slug (D:4)
  4 leopard geckos
  27 orcs
  5 giant cockroaches
  6 goblins
  9 hobgoblins
  5 jackals
  9 kobolds
  4 quokkas
  A ball python (D:2)
  11 bats
  2 frilled lizards
  A quokka zombie (D:6)
  7 rats
184 creatures vanquished.

Vanquished Creatures (collateral kills)
  A two-headed ogre (D:9)
  A bullfrog (D:9)
2 creatures vanquished.

Grand Total: 186 creatures vanquished

Notes
Turn   | Place    | Note
-------+----------+-------------------------------------------
     0 | D:1      | Mgcat the Troll Transmuter began the quest for the Orb.
     0 | D:1      | Reached XP level 1. HP: 18/18 MP: 1/1
    57 | D:1      | Reached skill level 1 in Fighting
    88 | D:1      | Reached XP level 2. HP: 23/27 MP: 3/3
   103 | D:1      | Learned a level 2 spell: Sticks to Snakes
   373 | D:1      | Reached XP level 3. HP: 33/33 MP: 2/4
   921 | D:2      | Reached skill level 2 in Transmutations
   972 | D:2      | Reached XP level 4. HP: 38/42 MP: 3/5
   980 | D:2      | Learned a level 3 spell: Spider Form
   998 | D:2      | Found an ancient bone altar of Kikubaaqudgha.
  1316 | D:3      | Reached skill level 2 in Fighting
  1328 | D:3      | Reached XP level 5. HP: 26/49 MP: 4/6
  1390 | D:3      | Reached skill level 4 in Unarmed Combat
  1390 | D:3      | Reached skill level 2 in Spellcasting
  1828 | D:3      | HP: 10/50 [orc priest/mace (3)]
  1919 | D:3      | Found a hide-covered altar of Uskayaw.
  1920 | D:3      | Found a radiant altar of Vehumet.
  1922 | D:3      | Found a bloodstained altar of Trog.
  1922 | D:3      | Found a shimmering altar of Xom.
  1924 | D:3      | Found an ornate altar of the Wu Jian Council.
  1925 | D:3      | Found an iron altar of Okawaru.
  1951 | D:3      | Became a worshipper of Warmaster Okawaru
  2241 | D:4      | Reached XP level 6. HP: 54/59 MP: 6/8
  2400 | D:4      | Found a staircase to the Ecumenical Temple.
  2683 | D:4      | Reached skill level 3 in Transmutations
  2757 | D:4      | Reached skill level 3 in Fighting
  2977 | D:5      | Entered Level 5 of the Dungeon
  2977 | D:5      | Found Ejut Eru Peh's Antique Weapon Emporium.
  2977 | D:5      | Noticed a sky beast
  2996 | D:4      | Killed a sky beast
  2996 | D:4      | Reached * piety under Okawaru
  2996 | D:4      | Reached XP level 7. HP: 35/67 MP: 9/9
  3028 | D:5      | Noticed Ijyb
  3069 | D:5      | Killed Ijyb
  3130 | D:5      | Reached skill level 5 in Unarmed Combat
  3247 | D:5      | Found a snail-covered altar of Cheibriados.
  3399 | D:5      | Found a glowing silver altar of Zin.
  3627 | D:5      | Noticed Pikel
  3692 | D:5      | Killed Pikel
  3692 | D:5      | Reached ** piety under Okawaru
  3692 | D:5      | Reached *** piety under Okawaru
  3692 | D:5      | Reached skill level 4 in Fighting
  3692 | D:5      | Reached skill level 3 in Spellcasting
  3692 | D:5      | Reached skill level 4 in Transmutations
  3692 | D:5      | Reached XP level 8. HP: 66/78 MP: 9/11
  3761 | D:6      | Reached skill level 6 in Unarmed Combat
  3957 | D:6      | Received a gift from Okawaru
  4146 | D:6      | Reached XP level 9. HP: 87/87 MP: 13/13
  4169 | D:6      | Found a white marble altar of Elyvilon.
  4224 | D:6      | Found a basalt altar of Yredelemnul.
  4557 | D:7      | Reached **** piety under Okawaru
  4670 | D:7      | Reached skill level 5 in Fighting
  4670 | D:7      | Reached skill level 4 in Spellcasting
  4735 | D:7      | Reached skill level 1 in Invocations
  4750 | D:7      | HP: 22/88 [poisoned by a killer bee]
  4753 | D:7      | HP: 10/88 [poisoned by a killer bee]
  4759 | D:7      | HP: 11/88 [poisoned by a killer bee]
  4765 | D:7      | HP: 13/88 [poisoned by a killer bee]
  4773 | D:7      | HP: 16/88 [poisoned by a killer bee]
  4935 | D:7      | Found a sparkling altar of Nemelex Xobeh.
  5017 | D:7      | Reached skill level 1 in Evocations
  5202 | D:7      | Reached skill level 7 in Unarmed Combat
  5202 | D:7      | Reached skill level 5 in Transmutations
  5579 | D:8      | Learned a level 5 spell: Blade Hands
  5631 | D:8      | Found a sacrificial altar of Ru.
  5752 | D:8      | Reached skill level 2 in Invocations
  6048 | D:8      | Noticed an unseen horror
  6069 | D:8      | Killed an unseen horror
  6069 | D:8      | Reached skill level 2 in Evocations
  6189 | D:8      | Reached XP level 10. HP: 62/97 MP: 15/15
  6300 | D:9      | Found a staircase to the Orcish Mines.
  6341 | D:9      | Found a shattered altar of Ashenzari.
  6370 | D:9      | Found a stormy altar of Qazlal.
  6372 | D:9      | Found a deep blue altar of Sif Muna.
  6416 | D:9      | Reached skill level 3 in Invocations
  6466 | D:9      | Found Duowet's Distillery.
  6485 | D:9      | Bought a potion of degeneration for 15 gold pieces
  6492 | D:9      | Noticed a cyclops
  6498 | D:9      | Noticed a two-headed ogre
  6522 | D:9      | HP: 18/98 [two-headed ogre/giant spiked club (12)]
  6528 | D:9      | Killed a two-headed ogre
  6528 | D:9      | Reached ***** piety under Okawaru
  6531 | D:9      | Killed a cyclops
  6531 | D:9      | Reached skill level 6 in Fighting
  6683 | D:9      | Reached skill level 8 in Unarmed Combat
  6709 | D:9      | Noticed Erica
  6720 | D:9      | HP: 24/98 [bullfrog (7)]
  6725 | D:9      | HP: 13/98 [Erica/scimitar of flaming (9)]
  6726 | D:9      | HP: 5/98 [Erica/wand of acid (4) (17)]
  6726 | D:9      | Splashed by Erica's acid

Vault maps used:
D:1:      matt_arrival_diagonals
D:2:      kiku_gazebo_pond_becter
D:3:      grunt_temple_overflow_open, first_ration
D:4:      minmay_temple_entry_trees
D:5:      kennysheep_mini_moat, serial_shops, shop, hangedman_decor_points,
          chei_slow_surprise, uniq_pikel, uniq_ijyb
D:6:      kennysheep_ying_yang
D:7:      basic_altar
D:8:      basic_altar
D:9:      ashenzari_conservatory_becter,
          chequers_temple_overflow_statue_of_worship, orc_0_dummy, serial_shops,
          shop, hangedman_ranch, kennysheep_dice, uniq_erica

Skill      XL: |  1  2  3  4  5  6  7  8  9 10 |
---------------+-------------------------------+-----
Fighting       | 1 2 3 4 5 6 |  6.1
Transmutations | 2 3 4 5 |  5.8
Unarmed Combat | 4 5 6 7 8 |  8.0
Spellcasting   | 2 3 4 |  4.8
Invocations    | 2 3 |  3.7
Evocations     | 2 |  2.2
Dodging        | |  1.5

Action                   |  1- 3 |  4- 6 |  7- 9 | 10-12 || total
-------------------------+-------+-------+-------+-------++-------
Melee: Unarmed           |   101 |   177 |   311 |    58 ||   647
       Kick              |     4 |    10 |    41 |     6 ||    61
       Headbutt          |     5 |     8 |    14 |     9 ||    36
       Punch             |       |     4 |    12 |     1 ||    17
Throw: Javelin           |       |       |     2 |     4 ||     6
 Cast: Beastly Appendage |    18 |    34 |    50 |    10 ||   112
       Sticks to Snakes  |       |       |     1 |     4 ||     5
Invok: Heroism           |       |       |     1 |     3 ||     4
  Use: Scroll            |       |       |    18 |     3 ||    21
       Potion            |       |       |     1 |     6 ||     7
  Eat: Chunk             |    15 |    20 |    30 |       ||    65
       Ration            |       |       |       |     1 ||     1
Armor: Robe              |    49 |    45 |    93 |    10 ||   197
Dodge: Dodged            |    59 |    64 |   148 |    25 ||   296

Table legend:
 A = Spawn XP
 B = Non-spawn XP
 C = Spawn XP percentage of total XP
 D = Spawn monster count
 E = Non-spawn monster count
 F = Spawn count percentage of total count
 G = Total turns spent on level
                    A         B        C        D         E        F      G
               +---------+---------+-------+---------+---------+-------+---------
         Total |       0 |    7900 |   0.0 |       0 |     184 |   0.0 |  6726
               +---------+---------+-------+---------+---------+-------+---------
           D:1 |       0 |      56 |   0.0 |       0 |      26 |   0.0 |   681
           D:2 |       0 |      58 |   0.0 |       0 |      22 |   0.0 |   606
           D:3 |       0 |     250 |   0.0 |       0 |      32 |   0.0 |   845
           D:4 |       0 |     478 |   0.0 |       0 |      20 |   0.0 |   926
           D:5 |       0 |    1114 |   0.0 |       0 |      18 |   0.0 |   724
           D:6 |       0 |    1046 |   0.0 |       0 |      13 |   0.0 |   754
           D:7 |       0 |    1030 |   0.0 |       0 |      23 |   0.0 |  1027
           D:8 |       0 |    1520 |   0.0 |       0 |      16 |   0.0 |   737
           D:9 |       0 |    2348 |   0.0 |       0 |      14 |   0.0 |   426
               +---------+---------+-------+---------+---------+-------+---------

Vault maps used:
D:1:      matt_arrival_diagonals
D:2:      kiku_gazebo_pond_becter
D:3:      grunt_temple_overflow_open, first_ration
D:4:      minmay_temple_entry_trees
D:5:      kennysheep_mini_moat, serial_shops, shop, hangedman_decor_points,
          chei_slow_surprise, uniq_pikel, uniq_ijyb
D:6:      kennysheep_ying_yang
D:7:      basic_altar
D:8:      basic_altar
D:9:      ashenzari_conservatory_becter,
          chequers_temple_overflow_statue_of_worship, orc_0_dummy, serial_shops,
          shop, hangedman_ranch, kennysheep_dice, uniq_erica

Table legend:
 A = Turns spent in this place as a percentage of turns spent in the entire game.
 B = Non-inter-level travel turns spent in this place as a percentage of non-inter-level travel turns spent in the entire game.
 C = Inter-level travel turns spent in this place as a percentage of turns spent in this place.
 D = Turns resting spent in this place as a percentage of non-inter-level travel turns spent in this place.
 E = Turns spent auto-exploring this place as a percentage of non-inter-level travel turns spent in this place.
 F = Non-inter-level travel turns spent in this place divided by the number of levels of this place that you've seen.
                   A       B       C       D       E      F
               +-------+-------+-------+-------+-------+----------------------
         Total | 100.0 | 100.0 |   6.6 |   0.7 |  73.3 | 698.1
       Dungeon | 100.0 | 100.0 |   6.6 |   0.7 |  73.3 | 698.1
               +-------+-------+-------+-------+-------+----------------------

Table legend:
 A = Kills in this place as a percentage of kills in entire the game.
 B = Kills by you in this place as a percentage of kills by you in the entire game.
 C = Kills by friends in this place as a percentage of kills by friends in the entire game.
 D = Other kills in this place as a percentage of other kills in the entire game.
 E = Experience gained in this place as a percentage of experience gained in the entire game.
 F = Experience gained in this place divided by the number of levels of this place that you have seen.
                   A       B       C       D       E      F
               +-------+-------+-------+-------+-------+----------------------
         Total | 100.0 | 100.0 | 100.0 |   N/A | 100.0 | 877.8
       Dungeon | 100.0 | 100.0 | 100.0 |   N/A | 100.0 | 877.8
               +-------+-------+-------+-------+-------+----------------------
